 Dungeon Crawl Stone Soup version 0.29-a0-275-g389c0b56f3 (webtiles) character file.

Game seed: 3940610763976495784

47 Armakuni the Covered (level 3, -1/29 HPs)
             Began as a Human Wanderer on Mar 12, 2022.
             Slain by a river rat (7 damage)
             ... summoned by Eustachio
             ... on level 4 of the Dungeon.
             The game lasted 00:05:33 (2623 turns).

Armakuni the Covered (Human Wanderer)               Turns: 2623, Time: 00:05:34

Health: -1/29      AC:  3    Str: 17    XL:     3   Next: 97%
Magic:  4/4        EV: 11    Int: 13    God:
Gold:   109        SH:  0    Dex:  8    Spells: 3/4 levels left

rFire   . . .      SeeInvis .   a - +0 mace
rCold   . . .      Faith    .   (no shield)
rNeg    . . .      Spirit   .   (no body armour)
rPois   .          Reflect  .   (no helmet)
rElec   .          Harm     .   (no cloak)
rCorr   .          Rampage  .   (no gloves)
Will    .....                   h - +2 pair of boots
Stlth   +.........              (no amulet)
HPRegen 0.09/turn               (no ring)
MPRegen 0.09/turn               (no ring)

@: no status effects
A: no striking features
a: no special abilities


You were on level 4 of the Dungeon.
You visited 1 branch of the dungeon, and saw 4 of its levels.

You collected 109 gold pieces.

Inventory:

Hand Weapons
 a - a +0 mace (weapon)
Missiles
 f - 13 poisoned darts (quivered)
Armour
 d - a +0 chain mail
 h - a +2 pair of boots (worn)
 j - a +0 robe
Wands
 g - a wand of acid (7)
Scrolls
 b - 2 scrolls of fear
 c - 3 scrolls of identify
Potions
 e - 2 potions of curing
 i - a potion of berserk rage {unknown}


   Skills:
 + Level 3.1 Fighting
 + Level 2.1 Maces & Flails
 - Level 5.0 Armour
 - Level 1.0 Spellcasting
 - Level 2.0 Ice Magic


You had 3 spell levels left.
You knew the following spells:

 Your Spells              Type           Power      Damage    Failure   Level
z - Freeze                Ice            20%        1d4       12%         1

Your spell library contained the following spells:

 Spells                   Type           Power      Damage    Failure   Level
 Foxfire                  Conj/Fire      0%         2x1d4     28%         1
 Ozocubu's Armour         Ice            5%         N/A       36%         3
 Conjure Flame            Conj/Fire      0%         6-21      63%         3
 Inner Flame              Hex/Fire       0%         N/A       63%         3
 Flame Wave               Conj/Fire      0%         2d4       95%         4


Dungeon Overview and Level Annotations

Branches:
Dungeon (4/15)
 Temple: D:4-7

Altars:
Fedhas

Shops:
D:2 :[

Annotations:
D:3 Ijyb
D:4 Eustachio


Message History

Magic restored.
You start resting.
HP restored.
Found a stone staircase leading down.
i - a fuming inky potion An endoplasm comes into view.
Found a robe.
There are no items here.
The endoplasm quivers.
You see here a potion of curing.
e - 2 potions of curing (gained 1)
The endoplasm barely misses you.
You hit the endoplasm but do no damage. The endoplasm freezes you.
You are frozen.
The endoplasm barely misses you.
You hit the endoplasm.
The endoplasm is severely wounded.
The endoplasm hits you.
You hit the endoplasm.
You kill the endoplasm!
No target in view!
Eustachio the Magnificent comes into view.
He is wielding a +0 rapier.
Eustachio shouts!
Eustachio brags, "I can call spirits from the vasty deep."
You see here a +0 robe.
j - a +0 robe Eustachio twirls his moustache.
Eustachio hits you with a +0 rapier. Eustachio hits you with a +0 rapier!
Eustachio casts a spell.
Eustachio blinks!
Eustachio mumbles some strange words.
The river rat barely misses you.
Eustachio casts a spell.
The river rat bites you!
* * * LOW HITPOINT WARNING * * *
The river rat attacks as you move away!
The river rat bites you but does no damage.
The river rat attacks as you move away! The river rat bites you!
You die...

#.# #....#...# #.).....#
#.# ######...#####.....^#
#.#########...#.........#
#...........#.#.###.#####
##########..#.#)###..##
#...#.#.<.....#
#...5.###.#...#
#....@..รท.#.#.#
#....rr@###.#.# ##......#
#####......###
#..............
#..............#
#..............#
#.................#
#.........#.###...#
#.........#.# ...#


You could see Eustachio, a quasit (summoned) and 2 river rats.

Vanquished Creatures
  An adder (D:2)
  A bat (D:1)
  5 endoplasms
  A goblin (D:4)
  8 hobgoblins
  4 kobolds
  2 quokkas
  4 ball pythons
  4 frilled lizards
  4 rats (D:1)
34 creatures vanquished.

Notes
Turn   | Place    | Note
-------+----------+-------------------------------------------
     0 | D:1      | Armakuni the Human Wanderer began the quest for the Orb.
     0 | D:1      | Armakuni set off with the following items: a +0 club, a
                  | potion of curing, a potion of brilliance, a +0 chain mail;
                  | and the following spell memorised: Freeze; and the
                  | following spells available to memorise: Ozocubu's Armour
     0 | D:1      | Reached XP level 1. HP: 16/16 MP: 2/2
   447 | D:1      | Reached skill level 1 in Maces & Flails
   447 | D:1      | Reached XP level 2. HP: 23/23 MP: 3/3
  1154 | D:2      | Found Qoaduruk's Antique Armour Boutique.
  1209 | D:2      | Found a faded altar of an unknown god.
  1259 | D:2      | Reached XP level 3. HP: 12/28 MP: 1/4
  1689 | D:2      | Found a blossoming altar of Fedhas.
  1759 | D:2      | Found Joczu Gig's Book Emporium.
  2211 | D:3      | Noticed Ijyb
  2611 | D:4      | Noticed Eustachio
  2623 | D:4      | Slain by a river rat

Illustrated notes

Levels and vault maps discovered:
D:1:      kennysheep_arrival_seaside, layout_rooms, minmay_parallelograms,
          kennysheep_crisscross, minmay_box_of_dots
D:2:      layout_basic, ebering_ecumenical_altar_petrified, basic_altar,
          serial_shops, shop, shop_fountains
D:3:      layout_loops_ring, nicolae_wu_jian_immortal_techniques, uniq_ijyb
D:4:      cheibrodos_barr_body, layout_basic, minmay_misc_feat_plants,
          uniq_eustachio

Skill      XL: |  1  2  3 |
---------------+----------+-----
Maces & Flails | 1 2 |  2.1
Fighting       | 3 |  3.1
Armour         | |  5.0
Spellcasting   | |  1.0
Ice Magic      | |  2.0

Action                   || total
-------------------------++-------
Melee: Club              ||    83
       Whip              ||    30
       Mace              ||    22
Throw: Dart              ||    13
 Cast: Freeze            ||    11
  Use: Scroll            ||     3
       Potion            ||     2
Armor: Chain mail        ||    59
       Skin              ||     4
Dodge: Dodged            ||    71

Table legend: (Time is in decaauts)
 A = Elapsed time spent in this place.
 B = Non-inter-level travel time spent in this place.
 C = Inter-level travel time spent in this place.
 D = Time resting spent in this place.
 E = Time spent auto-exploring this place.
 F = Levels seen in this place.
 G = Mean time per level.
                   A        B        C        D        E       F      G
               +--------+--------+--------+--------+--------+-----+--------+
         Total |   2656 |   2553 |    103 |    829 |   1061 |   4 |  664.0 |
       Dungeon |   2656 |   2553 |    103 |    829 |   1061 |   4 |  664.0 |
               +--------+--------+--------+--------+--------+-----+--------+

Top non-repeatable levels by time:
     D:1: 1163 daAuts
     D:2: 1145 daAuts
     D:4: 272 daAuts
     D:3: 75 daAuts
